 Dungeon Crawl Stone Soup version 0.30.1-4-g462c640d31 (webtiles) character file.

Game seed: 12203892243521534808

2133 Cassiopeia the Magician (level 9, -4/70 HPs)
             Began as a Gnoll Warper on Sept 13, 2023.
             Was an Initiate of Makhleb.
             Killed from afar by Joseph (20 damage)
             ... with a bolt of dispelling energy
             ... on level 7 of the Dungeon.
             The game lasted 00:27:37 (14123 turns).

Cassiopeia the Magician (Gnoll Warper)             Turns: 14123, Time: 00:27:37

Health: -4/70      AC:  4    Str: 10    XL:     9   Next: 30%
Magic:  19/19      EV: 11    Int: 17    God:    Makhleb [......]
Gold:   449        SH: 12    Dex: 12    Spells: 19/21 levels left

rFire   . . .        a - +0 trident
rCold   . . .        A - +3 kite shield
rNeg    . . .        m - +0 leather armour
rPois   .            s - +0 helmet
rElec   .            (no cloak)
rCorr   .            (no gloves)
SInv    .            (no boots)
Will    .....        (no amulet)
Stlth   ++           (no ring)
HPRegen 0.31/turn    (no ring)
MPRegen 0.16/turn

%: no passive effects
@: no status effects
A: fangs 1, strong nose, distributed training
a: Renounce Religion


You were on level 7 of the Dungeon.
You worshipped Makhleb.
Makhleb was noncommittal.
You visited 2 branches of the dungeon, and saw 8 of its levels.
You also visited: Sewer.

You collected 491 gold pieces.
You spent 42 gold pieces at shops.

Inventory:

Hand Weapons
 a - a +0 trident (weapon)
 b - a +2 shortbow of freezing
 x - a +0 battleaxe
Missiles
 d - 6 boomerangs of dispersal
 j - 5 poisoned darts (quivered)
 o - 2 javelins
 E - 6 datura-tipped darts
 I - 3 boomerangs
Armour
 c - an orb of wrath
 g - a +0 ring mail
 m - a +0 leather armour (worn)
 s - a +0 helmet (worn)
 t - a +0 scale mail
 w - a +0 buckler
 A - a +3 kite shield (worn)
Jewellery
 u - an amulet of faith
 y - a ring of fire
Wands
 z - a wand of roots (13)
 G - a wand of paralysis (1)
Scrolls
 i - 4 scrolls of teleportation
 k - a scroll of enchant weapon {unknown}
 q - a scroll of immolation {unknown}
 v - a scroll of identify
 C - a scroll of noise
 H - a scroll of blinking
Potions
 e - a potion of resistance
 f - 3 potions of curing
 h - 3 potions of haste {unknown}
 l - a potion of invisibility {unknown}
 n - a potion of flight {unknown}
 p - a potion of might {unknown}
 r - a potion of brilliance {unknown}
 B - a potion of attraction {unknown}
 D - a potion of lignification {unknown}
 F - a potion of cancellation {unknown}


   Skills:
 + Level 6.3 Fighting
 + Level 4.2 Short Blades
 + Level 4.2 Long Blades
 + Level 4.2 Axes
 + Level 4.2 Maces & Flails
 + Level 6.3 Polearms
 + Level 4.2 Staves
 + Level 4.2 Ranged Weapons
 + Level 5.0 Throwing
 + Level 5.0 Armour
 + Level 6.3 Dodging
 + Level 4.2 Stealth
 + Level 4.2 Shields
 + Level 4.2 Unarmed Combat
 + Level 6.6 Spellcasting
 + Level 3.5 Conjurations
 + Level 3.5 Hexes
 + Level 3.5 Summonings
 + Level 3.5 Necromancy
 + Level 6.5 Translocations
 + Level 3.5 Transmutations
 + Level 3.5 Fire Magic
 + Level 3.5 Ice Magic
 + Level 3.5 Air Magic
 + Level 3.5 Earth Magic
 + Level 3.5 Poison Magic
 + Level 4.7 Invocations
 + Level 4.2 Evocations


You had 19 spell levels left.
You knew the following spells:

 Your Spells              Type           Power      Damage    Failure   Level
a - Blink                 Tloc           56%        N/A       7%          2

Your spell library contained the following spells:

 Spells                   Type           Power      Damage    Failure   Level
 Lesser Beckoning         Tloc           56%        N/A       7%          2
 Teleport Other           Tloc           28%        N/A       13%         3
 Vhi's Electric Charge    Tloc/Air       44%        N/A       26%         3
 Manifold Assault         Tloc           28%        N/A       41%         4


Dungeon Overview and Level Annotations

Branches:
Dungeon (7/15)             Temple (1/1) D:6           Sewer (visited)

Altars:
Ashenzari
Cheibriados
Dithmenos
Elyvilon
Gozag
Hepliaklqana
Kikubaaqudgha
Makhleb
Nemelex Xobeh
Okawaru
Qazlal
Ru
Sif Muna
Trog
Uskayaw
Vehumet
Xom
Yredelemnul
Zin
The Shining One

Shops:
D:1 !   D:5 [

Annotations:
D:2 1 runed translucent door, Crazy Yiuf
D:7 Joseph


Innate Abilities, Weirdness & Mutations

You have very sharp teeth.
Your uncanny sense of smell can sniff out nearby items.
Your experience applies equally to all skills.


Message History

Joseph shoots a sling bullet.
You block the sling bullet.
You throw a poisoned dart. The poisoned dart hits Joseph.
Joseph looks as sick as possible!
Joseph is lightly wounded.
Joseph zaps a wand.
The bolt of dispelling energy misses you.
You throw a poisoned dart. The poisoned dart hits Joseph.
Joseph looks as sick as possible!
Joseph is lightly wounded.
Joseph zaps a wand.
The bolt of dispelling energy hits you!
You throw a poisoned dart. The poisoned dart barely misses Joseph.
Joseph shoots a sling bullet.
The sling bullet barely misses you.
You throw a poisoned dart. The poisoned dart hits Joseph!
Joseph looks as sick as possible!
Joseph is lightly wounded.
Joseph shoots a sling bullet.
You block the sling bullet.
You throw a poisoned dart. The poisoned dart hits Joseph.
Joseph is lightly wounded.
You reach to attack!
You hit Joseph.
Joseph is moderately wounded.
Joseph says, "You must be punished!
Or...
I want to punish you!"
Joseph unwields a +0 sling.
Joseph wields a +0 quarterstaff.
Joseph hits you with a +0 quarterstaff!
You are too injured to fight recklessly!
Unknown command.
You barely miss Joseph.
Joseph is heavily wounded.
You block Joseph's attack.
You hit Joseph.
Joseph is heavily wounded.
You block Joseph's attack.
You barely miss Joseph.
Joseph is heavily wounded.
Joseph hits you with a +0 quarterstaff!
* * * LOW HITPOINT WARNING * * *
You hit Joseph.
Joseph is severely wounded.
Joseph zaps a wand.
The bolt of dispelling energy hits you!!
You die...

(.##.........#
P(...........#.
P.#..........
..(...... .###
#((.... .... .
#.)((∆ ..##..
#...[###......
#...(@........
#.....@.......
#####.............
..............#...
..........♣P......
..................
....[.....P.......
.........P........
............##....
...........## ....


You could see Joseph (very poisoned).

Vanquished Creatures
  A water moccasin (D:5)
  A black bear (D:4)
  3 ogres
  2 sky beasts (D:6)
  A centaur (D:6)
  4 kobold brigands
  A gnoll sergeant (D:7)
  2 scorpions
  8 hounds
  A jelly (D:5)
  2 orc priests
  A gnoll bouda (D:6)
  2 sleepcaps
  2 iguanas
  2 orc wizards
  5 gnolls
  Robin (D:2)
  18 adders
  9 river rats (D:6)
  A white imp (D:6)
  3 ufetubi
  2 worms
  3 dart slugs
  9 orcs
  4 bats
  6 endoplasms
  2 giant cockroaches
  14 goblins
  9 hobgoblins
  4 jackals (D:4)
  4 quokkas
  11 ball pythons
  2 frilled lizards (D:3)
  15 kobolds
  10 rats
165 creatures vanquished.

Notes
Turn   | Place    | Note
-------+----------+-------------------------------------------
     0 | D:1      | Cassiopeia the Gnoll Warper began the quest for the Orb.
     0 | D:1      | Reached XP level 1. HP: 20/20 MP: 6/6
   430 | D:1      | Reached XP level 2. HP: 26/26 MP: 7/7
   549 | D:1      | Found Arapt's Distillery.
   561 | D:1      | Bought a potion of curing for 42 gold pieces
   572 | D:1      | Reached skill level 5 in Spellcasting
   572 | D:1      | Reached XP level 3. HP: 31/31 MP: 7/9
   604 | D:1      | Learned a level 2 spell: Blink
   937 | D:2      | Reached skill level 1 in Invocations
  1335 | D:2      | Found a runed translucent door.
  1336 | D:2      | Noticed Crazy Yiuf
  1490 | D:2      | Noticed Robin
  1975 | D:2      | Reached skill level 1 in Short Blades
  1975 | D:2      | Reached skill level 1 in Long Blades
  1975 | D:2      | Reached skill level 1 in Axes
  1975 | D:2      | Reached skill level 1 in Maces & Flails
  1975 | D:2      | Reached skill level 1 in Staves
  1975 | D:2      | Reached skill level 1 in Ranged Weapons
  1975 | D:2      | Reached skill level 1 in Stealth
  1975 | D:2      | Reached skill level 1 in Shields
  1975 | D:2      | Reached skill level 1 in Unarmed Combat
  1975 | D:2      | Reached skill level 1 in Evocations
  1997 | D:2      | Killed Robin
  1999 | D:2      | Reached XP level 4. HP: 34/38 MP: 11/11
  3495 | D:3      | Reached skill level 1 in Conjurations
  3495 | D:3      | Reached skill level 1 in Hexes
  3495 | D:3      | Reached skill level 1 in Summonings
  3495 | D:3      | Reached skill level 1 in Necromancy
  3495 | D:3      | Reached skill level 1 in Transmutations
  3495 | D:3      | Reached skill level 1 in Fire Magic
  3495 | D:3      | Reached skill level 1 in Ice Magic
  3495 | D:3      | Reached skill level 1 in Air Magic
  3495 | D:3      | Reached skill level 1 in Earth Magic
  3495 | D:3      | Reached skill level 1 in Poison Magic
  3629 | D:3      | Found an ancient bone altar of Kikubaaqudgha.
  4112 | D:3      | Found a shimmering blue altar of Sif Muna.
  4113 | D:3      | Found a radiant altar of Vehumet.
  4118 | D:3      | Found a glowing golden altar of the Shining One.
  4425 | D:3      | Found an ancient bone altar of Kikubaaqudgha.
  4808 | D:3      | Found a shimmering blue altar of Sif Muna.
  4809 | D:3      | Found a radiant altar of Vehumet.
  4814 | D:3      | Found a glowing golden altar of the Shining One.
  4969 | D:4      | Reached XP level 5. HP: 41/43 MP: 12/12
  5062 | D:4      | Noticed a black bear
  5140 | D:4      | Found a bloodstained altar of Trog.
  5140 | D:4      | Found a shadowy altar of Dithmenos.
  5916 | D:4      | HP: 1/43 [black bear (3)]
  5921 | D:4      | Killed a black bear
  5922 | D:4      | Reached skill level 5 in Fighting
  5922 | D:4      | Reached skill level 5 in Polearms
  5922 | D:4      | Reached skill level 5 in Dodging
  5922 | D:4      | Reached XP level 6. HP: 3/51 MP: 12/14
  6098 | D:4      | Found an opulent altar of Gozag.
  6313 | D:5      | Entered Level 5 of the Dungeon
  6978 | D:5      | Found Suciufao's Armour Shoppe.
  7185 | D:5      | Noticed a water moccasin
  7198 | D:5      | Killed a water moccasin
  7199 | D:5      | Reached XP level 7. HP: 39/56 MP: 15/15
  7860 | D:4      | Reached XP level 8. HP: 50/63 MP: 16/16
  8284 | D:4      | HP: 3/63 [sleepcap (10)]
  8302 | D:4      | HP: 1/63 [sleepcap (5)]
  8586 | D:4      | Found a bloodstained altar of Trog.
  8586 | D:4      | Found a shadowy altar of Dithmenos.
  9585 | D:5      | Found Suciufao's Armour Shoppe.
 10268 | D:6      | Found a glowing drain.
 10275 | Sewer    | Entered a sewer
 11025 | Sewer    | HP: 1/64 [kobold brigand/+0 dagger (7)]
 11911 | D:6      | Reached XP level 9. HP: 53/69 MP: 18/18
 12057 | D:6      | Found a staircase to the Ecumenical Temple.
 12075 | Temple   | Entered the Ecumenical Temple
 12075 | Temple   | Found a transporter.
 12075 | Temple   | Found a transporter.
 12097 | Temple   | Found a transporter.
 12097 | Temple   | Found a transporter.
 12128 | Temple   | Became a worshipper of Makhleb the Destroyer
 12753 | D:6      | Reached skill level 5 in Throwing
 12753 | D:6      | Reached skill level 5 in Armour
 13189 | D:6      | Found a staircase to the Ecumenical Temple.
 14022 | D:7      | Noticed Joseph
 14123 | D:7      | Killed from afar by Joseph

Illustrated notes

Levels and vault maps discovered:
D:1:      saegor_arrival_simple_d, layout_basic, serial_shops, shop
D:2:      layout_loops_corners, uniq_crazy_yiuf_cottage, uniq_robin
D:3:      wad_river_or_something, layout_basic, minitemple,
          mainiacjoe_overflow_small_starburst
D:4:      layout_basic, overflow_temple_1_default,
          amethyst_overflow_temple_binary
D:5:      layout_cave_pods, serial_shops, shop, minmay_joined_circles
D:6:      wad_woods_tower, layout_cave_pods, minmay_temple_entry_proselytizer,
          lightli_sewer_entry_pipes, chequers_serial_rivers_micro_b
D:7:      layout_rooms, old_standard_altar, serial_shops,
          nicolae_shop_back_alley_shop, nicolae_shop_advertising_works
          [nicolae_subvault_shop_adworks], serial_park_tiny_2,
          minmay_misc_feat_tiny, nicolae_grassy_gnolls, uniq_pikel, uniq_joseph,
          uniq_duvessa
Temple:   hellmonk_temple_divided_pantheon

Skill      XL: |  1  2  3  4  5  6  7  8  9 |
---------------+----------------------------+-----
Spellcasting   | 5 6 |  6.6
Invocations    | 1 2 3 4 |  4.7
Short Blades   | 1 2 3 4 |  4.2
Long Blades    | 1 2 3 4 |  4.2
Axes           | 1 2 3 4 |  4.2
Maces & Flails | 1 2 3 4 |  4.2
Staves         | 1 2 3 4 |  4.2
Ranged Weapons | 1 2 3 4 |  4.2
Stealth        | 1 2 3 4 |  4.2
Shields        | 1 2 3 4 |  4.2
Unarmed Combat | 1 2 3 4 |  4.2
Evocations     | 1 2 3 4 |  4.2
Conjurations   | 1 2 3 |  3.5
Hexes          | 1 2 3 |  3.5
Summonings     | 1 2 3 |  3.5
Necromancy     | 1 2 3 |  3.5
Transmutations | 1 2 3 |  3.5
Fire Magic     | 1 2 3 |  3.5
Ice Magic      | 1 2 3 |  3.5
Air Magic      | 1 2 3 |  3.5
Earth Magic    | 1 2 3 |  3.5
Poison Magic   | 1 2 3 |  3.5
Throwing       | 3 4 5 |  5.0
Armour         | 3 4 5 |  5.0
Fighting       | 5 6 |  6.3
Polearms       | 5 6 |  6.3
Dodging        | 5 6 |  6.3
Translocations | 6 |  6.5

Action                     |  1- 3 |  4- 6 |  7- 9 || total
---------------------------+-------+-------+-------++-------
  Melee: Spear             |   130 |    21 |       ||   151
         Bite              |     8 |    15 |    56 ||    79
         Punch             |     3 |       |       ||     3
         Trident           |       |   137 |   489 ||   626
   Fire: Sling             |       |    81 |    15 ||    96
  Throw: Dart              |       |    39 |    98 ||   137
         Boomerang         |       |     1 |     3 ||     4
   Cast: Blink             |       |     3 |     7 ||    10
    Use: Scroll            |     1 |     3 |    10 ||    14
         Potion            |       |     1 |     4 ||     5
   Stab: Sleeping          |       |       |     2 ||     2
         Distracted        |       |       |     1 ||     1
 Armour: Leather armour    |    11 |    42 |    73 ||   126
         Ring mail         |    13 |       |       ||    13
  Dodge: Dodged            |    48 |   112 |   219 ||   379
  Block: Buckler           |       |    10 |       ||    10
         Kite shield       |       |    34 |   310 ||   344
